 Dungeon Crawl Stone Soup version 0.30-a0-414-gcb316572d5 (webtiles) character file.

Game seed: 15772014840376549810

2769 zishaf the Purveyor of Pain (level 10, 0/76 HPs)
             Began as a Human Necromancer on Dec 7, 2022.
             Was an Initiate of Kikubaaqudgha.
             Killed by divine providence
             ... invoked by an orc priest
              (14 damage)
             ... on level 6 of the Dungeon.
             The game lasted 00:25:33 (8645 turns).

zishaf the Purveyor of Pain (Human Necromancer)     Turns: 8645, Time: 00:25:33

Health: 0/76       AC: 10    Str:  9    XL:     10   Next: 1%
Magic:  5/16       EV: 11    Int: 19    God:    Kikubaaqudgha [......]
Gold:   149        SH:  0    Dex: 14    Spells: 4/17 levels left

rFire   . . .      SeeInvis .    s - +2 short sword (flame)
rCold   . . .      Faith    .    (no shield)
rNeg    . . .      Spirit   .    u - +1 leather armour of the Saviour {rElec}
rPois   .          Reflect  .    (no helmet)
rElec   +          Harm     .    (no cloak)
rCorr   .          Rampage  .    w - +2 pair of gloves
Will    .....                    q - +2 pair of boots
Stlth   ++........               (no amulet)
HPRegen 0.32/turn                (no ring)
MPRegen 0.15/turn                (no ring)

@: no status effects
A: no striking features
a: Renounce Religion


You were on level 6 of the Dungeon.
You worshipped Kikubaaqudgha.
Kikubaaqudgha was noncommittal.
You visited 2 branches of the dungeon, and saw 7 of its levels.
You also visited: Sewer.

You collected 347 gold pieces.
You spent 198 gold pieces at shops.

Inventory:

Hand Weapons
 i - a +1 spear
 j - a +1 dagger of draining
 k - a +0 short sword
 s - a +2 short sword of flaming (weapon)
Missiles
 t - 19 poisoned darts (quivered)
 y - a throwing net
Armour
 a - a +0 robe
 n - the +1 robe "Ehifitti" {rC- Int+5 Dex+7}
   (You found it on level 4 of the Dungeon)

   Int:       It affects your intelligence (+5).
   Dex:       It affects your dexterity (+7).
   rC:        It makes you vulnerable to cold.
 q - a +2 pair of boots (worn)
 u - the +1 leather armour of the Saviour (worn) {rElec}
   (You took it off a kobold in a sewer)

   rElec:     It insulates you from electricity.
 w - a +2 pair of gloves (worn)
Jewellery
 h - a ring of fire
 p - an amulet of faith
Wands
 r - a wand of flame (4)
Scrolls
 c - 2 scrolls of enchant armour
 e - 2 scrolls of immolation
 f - 2 scrolls of enchant weapon
 l - 2 scrolls of teleportation
 o - a scroll of blinking
 v - 3 scrolls of identify
 x - a scroll of poison
 C - a scroll of fear {unknown}
 D - a scroll of silence {unknown}
 E - 3 scrolls of amnesia
Potions
 b - a potion of magic
 d - 2 potions of resistance
 g - 4 potions of heal wounds
 m - a potion of flight
 z - 3 potions of berserk rage
 A - a potion of invisibility
 B - 2 potions of attraction {unknown}
 F - a potion of curing {unknown}


   Skills:
 + Level 6.1 Fighting
 - Level 2.0 Dodging
 - Level 2.0 Stealth
 + Level 4.0 Spellcasting
 - Level 14.0 Necromancy
 - Level 4.0 Evocations


You had 4 spell levels left.
You knew the following spells:

 Your Spells              Type           Power      Damage    Failure   Level
a - Necrotise             Necr           100%       1d9       1%          1
b - Vampiric Draining     Necr           55%        2d9       1%          3
c - Agony                 Necr           55%        N/A       1%          5
A - Animate Dead          Necr           55%        N/A       1%          4

Your spell library contained the following spells:

 Spells                   Type           Power      Damage    Failure   Level


Dungeon Overview and Level Annotations

Branches:
Dungeon (6/15)             Temple (1/1) D:5           Sewer (visited)

Altars:
Ashenzari
Cheibriados
Dithmenos
Elyvilon
Gozag
Hepliaklqana
Kikubaaqudgha
Makhleb
Nemelex Xobeh
Okawaru
Qazlal
Ru
Sif Muna
Trog
Uskayaw
Vehumet
Xom
Yredelemnul
Zin
The Shining One

Shops:
D:4 [*   D:5 :

Annotations:
D:2 exclusion: downstairs


Message History

The orc is moderately wounded.
The orc closely misses you. Something hits you but does no damage.
You hit the orc. You burn the orc.
The orc is severely wounded.
The orc barely misses you. Something hits you but does no damage.
You barely miss the orc.
The orc is severely wounded.
The orc misses you. Something hits you.
You hit the orc. You burn the orc.
You kill the orc!
Kikubaaqudgha accepts your kill. Something hits you but does no damage.
Items here: ( )) [ ††.
You hear some strange, mumbled words.
You are confused.
Things that are here:
+0 steam dragon scales; a steam dragon corpse You bump into the rock wall.
You bump into the rock wall.
Something hits you but does no damage.
You hear some strange, mumbled words.
You are more confused.
You're too confused to move!
An orc wizard appears from thin air!
Reactivating autopickup.
The orc wizard points at you and mumbles some strange words.
The magic dart hits you.
The orc wizard hits you with a +0 dagger.
You see here 16 gold pieces.
You're too confused to move!
The orc wizard hits you but does no damage.
The ogre hits you with a +0 giant club!
The orc wizard attacks as you move away!
The orc wizard hits you with a +0 dagger.
The ogre hits you with a +0 giant club!!
* * * LOW HITPOINT WARNING * * *
You feel less confused.
The orc priest mumbles some strange prayers to Beogh against you.
Beogh smites you!
You die...
Kikubaaqudgha rasps: "You have failed me!
Welcome... death!"

≈≈~~~≈≈ ~~~~≈≈ ### ≈≈D~≈≈~
~~~~≈≈ ...... ...~o.. ..(..##
....... ....~.. ..~.#.#
#....... ...~~.~
~..#..####.......
.......#####...............
.....#...#@#...............
#..o.....................
########Oo...............
#.....[.o................
#.######.................
######.#.####................(
..........o)..............<....
§....§§...####...........).....
≈≈≈≈≈§≈§≈.................[....


You could see an ogre, an orc priest, an orc wizard and an orc.

Vanquished Creatures
  Grinder (Sewer)
  A steam dragon (D:6)
  Duvessa (D:3)
  A black bear (D:5)
  An ice beast (D:6)
  An ogre (D:3)
  A phantom (D:4)
  A kobold brigand (Sewer)
  A gnoll sergeant (D:5)
  2 necrophages
  3 scorpions
  Dowan (D:3)
  A howler monkey (D:6)
  2 quasits (Sewer)
  A jelly (D:4)
  A hound (D:5)
  5 iguanas
  2 orc wizards (D:3)
  6 gnolls
  7 adders
  2 shadow imps (Sewer)
  4 ufetubi
  4 worms
  20 orcs
  4 endoplasms
  4 giant cockroaches
  7 goblins
  6 hobgoblins
  3 jackals (D:3)
  23 kobolds
  4 quokkas
  11 ball pythons
  6 bats
  A frilled lizard (D:2)
  22 rats
161 creatures vanquished.

Vanquished Creatures (collateral kills)
  A shadow imp (Sewer)
  An orc (D:5)
  An endoplasm (D:3)
  A hobgoblin (D:1)
  A kobold (Sewer)
  A rat (D:4)
6 creatures vanquished.

Vanquished Creatures (others)
  3 adder zombies
  A gnoll zombie (D:5)
  A ball python zombie (D:3)
  2 endoplasm zombies (D:3)
  A goblin zombie (D:3)
  A kobold zombie (Sewer)
  2 orc zombies (D:5)
  A quokka zombie (D:3)
12 creatures vanquished.

Grand Total: 179 creatures vanquished

Notes
Turn   | Place    | Note
-------+----------+-------------------------------------------
     0 | D:1      | zishaf the Human Necromancer began the quest for the Orb.
     0 | D:1      | Reached XP level 1. HP: 13/13 MP: 3/3
   361 | D:1      | Reached XP level 2. HP: 20/20 MP: 1/5
   444 | D:1      | Reached skill level 1 in Fighting
  1657 | D:2      | Reached XP level 3. HP: 26/26 MP: 4/6
  1661 | D:2      | Learned a level 3 spell: Vampiric Draining
  2276 | D:2      | Found a faded altar of an unknown god.
  2458 | D:3      | Reached XP level 4. HP: 23/33 MP: 7/7
  2772 | D:3      | Noticed an ogre
  2966 | D:4      | Noticed a scorpion
  2974 | D:4      | Reached skill level 5 in Necromancy
  2974 | D:4      | Reached XP level 5. HP: 39/39 MP: 2/9
  3180 | D:4      | Noticed Dowan
  3181 | D:4      | Noticed Duvessa
  3258 | D:4      | Learned a level 4 spell: Animate Dead
  3264 | D:4      | Reached XP level 6. HP: 43/47 MP: 0/10
  4103 | D:3      | Killed Duvessa
  4104 | D:3      | Reached skill level 6 in Necromancy
  4104 | D:3      | Reached skill level 1 in Evocations
  4104 | D:3      | Reached XP level 7. HP: 51/54 MP: 1/11
  4105 | D:3      | Killed Dowan
  4226 | D:4      | Found Ediopuge's Antique Armour Shoppe.
  4226 | D:4      | Identified the +1 robe "Ehifitti" {rC- Int+5 Dex+7}
  4521 | D:4      | Found Xupeprid's General Store.
  4883 | D:5      | Entered Level 5 of the Dungeon
  5000 | D:5      | Found a glowing drain.
  5013 | Sewer    | Entered a sewer
  5363 | Sewer    | Identified the +1 leather armour of the Saviour {rElec}
  5517 | Sewer    | Reached XP level 8. HP: 61/61 MP: 8/12
  5558 | Sewer    | Noticed Grinder
  5571 | Sewer    | Paralysed by Grinder for 3 turns
  5631 | Sewer    | Paralysed by Grinder for 2 turns
  5634 | Sewer    | Killed Grinder
  5635 | Sewer    | Reached skill level 5 in Fighting
  5840 | Sewer    | Reached skill level 14 in Necromancy
  5840 | Sewer    | Reached XP level 9. HP: 68/68 MP: 13/13
  5869 | Sewer    | Found a burning altar of Makhleb.
  6287 | D:4      | Bought a +2 pair of gloves for 198 gold pieces
  7420 | D:5      | Found Kitoy's Book Shoppe.
  7557 | D:5      | Found a staircase to the Ecumenical Temple.
  7561 | Temple   | Entered the Ecumenical Temple
  7585 | Temple   | Became a worshipper of Kikubaaqudgha
  7770 | D:5      | Found a glowing silver altar of Zin.
  7927 | D:5      | Learned a level 5 spell: Agony
  8596 | D:6      | Reached XP level 10. HP: 43/76 MP: 1/16
  8645 | D:6      | Killed from afar by an orc priest

Illustrated notes

Levels and vault maps discovered:
D:1:      beargit_arrival_diablo_church, layout_rooms, chequers_big_river
D:2:      layout_loops_corners, chequers_ecumenical_altar_lobes,
          minmay_fractal_squares_5
D:3:      minmay_bubble_buster, layout_basic
D:4:      layout_cave_pools, serial_shops, nicolae_take_the_stairs,
          nicolae_inconvenience_store, minmay_rat_hole, uniq_duvessa
D:5:      nicolae_BIG_FREAKIN_CUBE, layout_basic,
          mainiacjoe_overflow_small_starburst, serial_shops,
          nicolae_diamond_shop, portal_sewer_entry_d, kennysheep_generic_room_4
D:6:      layout_basic, mainiacjoe_overflow_brackets, serial_shops,
          nicolae_shop_trees, serial_rivers, chequers_serial_rivers_marsh,
          chequers_serial_rivers_room_a, chequers_serial_rivers_small_3,
          chequers_serial_rivers_micro_c
Temple:   hellmonk_temple_of_storms

Skill      XL: |  1  2  3  4  5  6  7  8  9 |
---------------+----------------------------+-----
Fighting       | 1 2 3 4 5 6 |  6.1
Necromancy     | 5 6 14 | 14.0
Spellcasting   | 3 4 |  4.0
Evocations     | 1 2 3 4 |  4.0
Dodging        | |  2.0
Stealth        | |  2.0

Action                   |  1- 3 |  4- 6 |  7- 9 | 10-12 || total
-------------------------+-------+-------+-------+-------++-------
Melee: Unarmed           |     2 |       |    17 |       ||    19
       Spear             |    35 |    54 |    66 |       ||   155
       Short sword       |     8 |       |   119 |    13 ||   140
       Punch             |       |     1 |     1 |       ||     2
       Dagger            |       |       |    72 |       ||    72
Throw: Dart              |       |       |     6 |       ||     6
 Cast: Necrotise         |    62 |    65 |    24 |       ||   151
       Vampiric Draining |       |    14 |    69 |     1 ||    84
       Animate Dead      |       |       |     3 |       ||     3
Evoke: Wand              |       |     3 |    10 |       ||    13
  Use: Scroll            |       |    12 |     6 |       ||    18
       Potion            |       |       |     3 |       ||     3
 Stab: Sleeping          |       |     1 |       |       ||     1
       Distracted        |       |     2 |       |       ||     2
Armor: Robe              |     7 |    13 |    33 |       ||    53
       Leather armour    |       |       |   150 |    24 ||   174
       Skin              |       |       |    53 |       ||    53
Dodge: Dodged            |    29 |    43 |   285 |    11 ||   368

Table legend: (Time is in decaauts)
 A = Elapsed time spent in this place.
 B = Non-inter-level travel time spent in this place.
 C = Inter-level travel time spent in this place.
 D = Time resting spent in this place.
 E = Time spent auto-exploring this place.
 F = Levels seen in this place.
 G = Mean time per level.
                   A        B        C        D        E       F      G
               +--------+--------+--------+--------+--------+-----+--------+
         Total |   8757 |   8191 |    566 |   1368 |   4838 |   8 | 1094.6 |
       Dungeon |   7624 |   7077 |    547 |   1178 |   4416 |   6 | 1270.7 |
        Temple |     44 |     25 |     19 |      0 |      0 |   1 |   44.0 |
         Sewer |   1088 |   1088 |      0 |    190 |    421 |   1 | 1088.0 |
               +--------+--------+--------+--------+--------+-----+--------+

Top non-repeatable levels by time:
     D:3: 1785 daAuts
     D:4: 1646 daAuts
     D:2: 1477 daAuts
     D:5: 1472 daAuts
   Sewer: 1088 daAuts
     D:1: 962 daAuts
     D:6: 280 daAuts
  Temple: 44 daAuts
